Unix NetHack Version 3.7.0-102 Work-in-progress - last build Apr 6 2024 13:22:21 (d302a6a9ff6341f1a922d8f5af178406b35fdf99,branch:master). Game began 2024-04-20 18:22:43, ended 2024-04-21 22:40:48. nurdglaw, chaotic female human Rogue ------ +....| |f...| d@...| |.u<.| |....| ----|- ###*# # # -..-- ....| ###|*... #*....| ##* ..... *##0##..... #0 ##..... ## ## Nurdglaw the Rogue St:16 Dx:18 Co:13 In:9 Wi:9 Ch:11 Chaotic S:4009 Dlvl:5 $:49 HP:0(35) Pw:26(26) AC:2 Xp:7/772 T:6831 Burdened Latest messages: Rex eats a winter wolf cub corpse. You see here 9 rocks. You hear some noises in the distance. You hear a crunching sound. You have a little trouble lifting b - 3 uncursed +0 daggers (at the ready) (15 in total). You have a little trouble lifting b - 2 uncursed +0 daggers (at the ready) (17 in total). What do you want to put on? [g or ?*] g You are now wearing a blindfold. You can't see any more. You try to feel what is lying here on the ground. You feel here 7 stones. What do you want to remove? [gC or ?*] Never mind. You hear some noises in the distance. What do you want to remove? [gC or ?*] ? You were wearing an uncursed blindfold. You can see again. The pony drops a rock. You see here a rock. Rex drops a rock. You see here 20 rocks. The pony picks up a rock. The large dog bites! You hit the large dog. The pony drops a rock. The large dog bites! Rex bites the large dog. The large dog misses Rex. The large dog bites! In what direction? h The dagger hits the large dog! Rex misses the large dog. The large dog bites! The large dog bites! Rex bites the large dog. The large dog bites Rex. The large dog bites! The large dog bites! What do you want to write with? [- abnACDFNSZ or ?*] - You write in the dust with your fingertip. What do you want to write in the dust here? Elbereth Rex bites the large dog. The large dog misses Rex. The large dog bites! You die... Do you want your possessions identified? [ynq] (y) y Do you want to see your attributes? [ynq] (y) y Do you want an account of creatures vanquished? [ynaq] (y) y Do you want to see your conduct and achievements? [ynq] (y) y Do you want to see the dungeon overview? [ynq] (y) y Inventory: Coins $ - 49 gold pieces Weapons A - 9 uncursed +0 darts b - 16 uncursed +0 daggers (at the ready) S - a cursed -1 dagger N - a cursed +0 elven dagger n - 2 uncursed +0 orcish daggers (wielded) a - an uncursed +0 short sword named tlpthy, clr rsstnc Armor R - an uncursed +2 orcish helm (being worn) s - an uncursed +0 pair of iron shoes (being worn) c - an uncursed +1 leather armor (being worn) Comestibles x - an uncursed pear L - an uncursed tripe ration K - an uncursed lizard corpse Rings C - an uncursed ring of cold resistance (on left hand) Wands F - an uncursed wand of make invisible (0:7) D - an uncursed wand of secret door detection (0:12) Z - an uncursed wand of teleportation (0:6) Tools h - an uncursed bag of holding containing 34 items r - an empty uncursed bag of holding p - an empty uncursed oilskin sack V - an empty uncursed sack g - an uncursed blindfold k - an uncursed lock pick w - an uncursed magic whistle d - an uncursed oil lamp Contents of the bag of holding: 512 gold pieces an uncursed amulet of magical breathing an uncursed amulet versus poison 15 uncursed +0 crossbow bolts 13 cursed -3 crossbow bolts 31 uncursed +0 darts 7 cursed -2 darts a cursed scroll of blank paper an uncursed scroll of earth an uncursed scroll of enchant armor an uncursed scroll of enchant weapon an uncursed scroll of food detection an uncursed scroll of light an uncursed scroll of magic mapping named not cursed 3 uncursed scrolls of remove curse an uncursed scroll of teleportation an uncursed spellbook of chain lightning an uncursed spellbook of create monster an uncursed spellbook of healing an uncursed spellbook of wizard lock an uncursed potion of confusion an uncursed potion of extra healing a cursed potion of extra healing a blessed potion of gain ability an uncursed potion of sickness an uncursed potion of water an uncursed ring of free action an uncursed jacinth stone an uncursed worthless piece of black glass an uncursed worthless piece of blue glass 4 uncursed worthless pieces of green glass a cursed worthless piece of orange glass an uncursed worthless piece of yellowish brown glass a cursed worthless piece of yellowish brown glass Nurdglaw the Rogue's attributes: Background: You were a Rogue, level 7 female human. You were chaotic, on a mission for Kos who was opposed by Issek (lawful) and Mog (neutral). You were right-handed. You were in the Gnomish Mines, on level 5. You entered the dungeon 6831 turns ago. It was nighttime. You had 772 experience points, 508 more were needed to attain level 8. Your score was 4009 before end-of-game adjustments. Basics: You had 0 out of 35 hit points. You had all 26 energy points (spell power). Your armor class was 2. Your wallet contained 49 zorkmids, and you had 512 more stashed away in your pack. Autopickup was on for '$' plus thrown. Final Characteristics: Your strength was 16 (limit:18/100). Your dexterity was 18 (limit:18). Your constitution was 13 (peak:16, limit:18). Your intelligence was 9 (limit:18). Your wisdom was 9 (limit:18). Your charisma was 11 (limit:18). Final Status: You weren't hungry. You were burdened; movement was slightly slowed. You were wielding daggers. You were skilled in dagger and could have enhanced that. Final Attributes: You were piously aligned. You were cold resistant. Your items were protected from cold. You were telepathic. You were stealthy. You were warded. You are dead. Miscellaneous: You encountered 1 bones level. Total elapsed playing time was 3 hours, 42 minutes and 29 seconds. Major events: Turn 1: nurdglaw the chaotic female human Rogue entered the dungeon 1017: entered the Gnomish Mines 1264: attained the rank of Cutpurse (level 3) 3937: entered Sokoban 4411: attained the rank of Rogue (level 6) 6831: killed by a large dog Vanquished creatures: a watchman 2 winter wolf cubs a leprechaun a lizard a jaguar 3 dust vortices a raven 3 human zombies a rope golem an imp a water nymph a mountain nymph 2 rock piercers 2 fog clouds a shrieker 5 gnome leaders a gnomish wizard a kobold mummy 3 elf zombies a paper golem 2 floating eyes 4 dwarves a kobold shaman a rothe a centipede 3 giant bats 2 orc zombies 4 dwarf zombies a wererat 4 iguanas 3 acid blobs 2 hobbits a large kobold 5 giant rats 3 cave spiders a brown mold 2 green molds 26 gnomes 4 garter snakes 3 gnome zombies 5 geckos 5 jackals a kobold 4 goblins a sewer rat 7 grid bugs 2 bats 3 lichens a kobold zombie 11 newts 146 creatures vanquished. No species were genocided or became extinct. Voluntary challenges: You read items or engraved 27 times. You engraved Elbereth 18 times. You never genocided any monsters. You never polymorphed an object. You never changed form. You used no wishes. You did not violate any of the special Sokoban rules. Achievements: You entered the Gnomish Mines. You attained the rank of Cutpurse. You entered a shop. You entered Sokoban. You attained the rank of Rogue. The Dungeons of Doom: levels 1 to 8 Level 1: Some fountains, a sink. Level 2: A sink, a grave. Stairs down to The Gnomish Mines. Level 3: "vault" Some fountains. Level 4: "hardware store" A fountain. Level 5: "weapon shop, armour shop" Level 6: "Oracle" Many fountains. Oracle of Delphi. Level 7: A general store, an altar, a sink. Stairs up to Sokoban, level 6. Level 8: A fountain. The Gnomish Mines: levels 3 to 5 Level 3: Level 4: Level 5: <- You were here. Final resting place for you, killed by a large dog, Ted-Wiz-Gno-Mal-Neu, killed by a yeti. Sokoban: Level 6: Unsolved. Game over: ---------- / \ / REST \ / IN \ / PEACE \ / \ | nurdglaw | | 561 Au | | killed by a | | large dog | | | | | | 2024 | *| * * * | * _________)/\\_//(\/(/\)/\//\/|_)_______ Goodbye nurdglaw the Rogue... You died in The Gnomish Mines on dungeon level 5 with 3953 points, and 561 pieces of gold, after 6831 moves. You were level 7 with a maximum of 35 hit points when you died.